Map: [ESL] Equilibrium

Players

DnS

  • Race: Protoss Protoss
  • Spawn Location: 1:00

goblin - Winner!

  • Race: Protoss Protoss
  • Spawn Location: 11:00

Event: ESL SC2 Masters 2023 Winter (Regional)

VOD

Have the link to the VOD?

Description

Time

  • Played on: Oct. 27, 2023, 12:26 p.m.
  • Length: 7:12

All games in this series

Show
View Real Time Build Order
Export as new Build Order

DnS Protoss 

Build Orders:  

Get SALT Encoding   

  12  0:00  Probe  
  13  0:12  Probe  
  14  0:17  Pylon  
  14  0:24  Probe (Chrono Boost)  
  16  0:36  Probe (Chrono Boost)  
  16  0:37  Gateway  
  16  0:43  Probe (Chrono Boost)  
  16  0:45  Assimilator  
  17  0:51  Probe  
  17  0:54  Assimilator  
  18  1:03  Probe (Chrono Boost)  
  19  1:06  Gateway  
  20  1:12  Probe (Chrono Boost)  
  20  1:17  Probe (Chrono Boost)  
  20  1:24  Cybernetics Core  
  21  1:29  Probe  
  22  1:34  Pylon  
  22  1:41  Probe  
  23  1:53  Probe  
  24  2:00  Stalker x2  
  28  2:01  Warp Gate  
  29  2:12  Pylon  
  28  2:22  Pylon  
  28  2:30  Stalker x2  
  31  2:59  Nexus  
  31  3:01  Sentry  
  31  3:03  Sentry  
  35  3:10  Shield Battery  
  35  3:14  Probe  
  36  3:26  Shield Battery, Probe  
  37  3:31  Pylon  
  37  3:43  Probe  
  37  3:44  Shield Battery  
  38  3:51  Robotics Facility  
  38  3:55  Probe  
  39  3:57  Stalker  
  41  4:03  Twilight Council  
  41  4:04  Stalker  
  43  4:13  Robotics Facility  
  43  4:32  Stalker x2  
  43  4:38  Shield Battery  
  47  4:39  Shield Battery  
  47  4:59  Immortal (Chrono Boost)  
  47  5:05  Sentry x2  
  49  5:07  Shield Battery  
  49  5:12  Shield Battery  
  49  5:15  Pylon  
  47  5:35  Immortal (Chrono Boost)  
  41  5:36  Sentry  
  43  6:01  Adept  
  41  6:14  Warp Prism (Chrono Boost)  
  39  6:26  Probe  
  38  6:34  Gateway  
Show
View Real Time Build Order
Export as new Build Order

goblin Protoss - Winner!

Build Orders:  

Get SALT Encoding   

  12  0:00  Probe  
  13  0:12  Probe  
  14  0:18  Pylon  
  14  0:24  Probe (Chrono Boost)  
  15  0:36  Probe (Chrono Boost), Gateway  
  16  0:44  Probe (Chrono Boost)  
  16  0:45  Assimilator  
  17  0:51  Probe  
  17  0:54  Assimilator  
  18  1:03  Probe (Chrono Boost)  
  19  1:10  Gateway  
  19  1:12  Probe (Chrono Boost)  
  19  1:17  Probe (Chrono Boost)  
  20  1:23  Cybernetics Core  
  21  1:29  Probe  
  22  1:33  Pylon  
  22  1:41  Probe  
  23  1:53  Probe  
  24  2:01  Warp Gate, Adept x2  
  28  2:09  Pylon  
  28  2:22  Robotics Facility  
  28  2:31  Stalker x2  
  33  2:49  Gateway  
  32  3:00  Sentry  
  32  3:01  Sentry  
  36  3:06  Warp Prism (Chrono Boost)  
  36  3:07  Pylon  
  38  3:16  Shield Battery  
  38  3:32  Immortal (Chrono Boost)  
  38  3:38  Pylon  
  40  3:49  Sentry, Stalker  
  44  3:56  Pylon  
  44  4:05  Observer  
  45  4:12  Pylon  
  45  4:22  Adept x3  
  51  4:47  Adept x3  
  55  5:14  Adept x3  
  57  5:39  Adept x3  
  45  6:00  Sentry x2  
  45  6:01  Stalker  
  45  6:03  Immortal  
  55  6:05  Pylon  
  55  6:07  Pylon  
  53  6:27  Stalker  
  53  6:28  Adept x2  
  51  6:50  Adept x2  
  51  6:51  Adept  
Tags
 
Add a new tag
Caveats
  • Supply blocks, unpowered buildings, or Contaminate may cause inaccurate times.
  • Supply counts are checked every 10 seconds.